Map: Emerald City LE

Players

Throwfordays

  • Race: Zerg Zerg
  • League: Silver
  • Spawn Location: 5:00

Faust

  • Race: Zerg Zerg
  • League: Diamond
  • Spawn Location: 5:00

Gnomifer - Winner!

  • Race: Protoss Protoss
  • League: Diamond
  • Spawn Location: 11:00

InfestDylan - Winner!

  • Race: Zerg Zerg
  • Spawn Location: 11:00

VOD

Have the link to the VOD?

Description

Time

  • Played on: May 17, 2019, 7:23 p.m.
  • Length: 19:28
Show
View Real Time Build Order
Export as new Build Order

Throwfordays Zerg 

Build Orders: Hatch First 

Get SALT Encoding   

  12  0:01  Drone  
  13  0:08  Drone  
  14  0:17  Overlord  
  14  0:42  Hatchery  
  13  0:46  Drone  
  14  0:50  Drone  
  14  0:53  Drone  
  16  1:10  Spawning Pool  
  15  1:13  Drone  
  15  1:17  Drone  
  17  1:21  Extractor  
  17  1:22  Drone  
  17  1:31  Overlord  
  17  1:40  Drone  
  18  1:52  Drone  
  19  1:56  Queen  
  19  1:58  Drone  
  22  2:02  Queen  
  22  2:07  Zergling x2  
  25  2:11  Drone  
  25  2:14  Zergling x2  
  27  2:24  Metabolic Boost  
  27  2:27  Drone x2  
  29  2:30  Zergling x2  
  30  2:38  Zergling x2  
  30  2:42  Overlord  
  31  2:50  Zergling x2  
  32  2:56  Drone  
  33  3:06  Drone x3  
  33  3:11  Drone x3  
  39  3:14  Drone x2  
  39  3:15  Drone  
  39  3:19  Lair  
  42  3:23  Baneling Nest  
  42  3:27  Zergling x2  
  42  3:28  Extractor  
  42  3:29  Zergling x2  
  42  3:33  Overlord  
  42  3:44  Drone x2  
  44  3:49  Overlord  
  44  3:51  Queen  
  46  4:01  Evolution Chamber  
  45  4:02  Roach Warren  
  45  4:05  Drone x4  
  48  4:10  Drone x3  
  51  4:21  Baneling x3  
  51  4:24  Baneling x3  
  51  4:38  Drone x2  
  53  4:43  Drone x3  
  56  4:46  Extractor  
  56  4:47  Extractor  
  54  5:02  Hatchery  
  54  5:03  Nydus Network  
  52  5:08  Zergling x8  
  52  5:09  Zergling x4  
  52  5:13  Drone x2  
  60  5:14  Overlord  
  60  5:29  Overlord  
  60  5:30  Overlord x2  
  61  5:42  Zergling x2  
  61  5:43  Zergling x8  
  65  5:50  Zerg Melee Weapons Level 1  
  65  5:52  Drone  
  65  5:54  Drone x2  
  65  5:56  Zergling x6  
  71  5:58  Queen  
  71  6:00  Queen  
  71  6:03  Centrifical Hooks  
  75  6:20  Nydus Canal  
  69  6:52  Zergling x8  
  68  6:58  Zergling x6  
  62  7:01  Drone x2  
  62  7:02  Drone  
  62  7:04  Queen  
  67  7:16  Drone  
  67  7:19  Baneling x3  
  67  7:20  Baneling x7  
  67  7:21  Baneling x4  
  68  7:29  Zergling x2  
  70  7:30  Zergling x8  
  72  7:37  Roach  
  72  7:38  Roach x5  
  84  7:46  Zergling x4  
  84  7:50  Drone x2  
  84  7:51  Drone  
  89  7:53  Extractor  
  89  7:57  Extractor  
  88  7:58  Drone x4  
  88  8:02  Drone x2  
  93  8:20  Baneling x11  
  93  8:21  Baneling x3  
  86  8:43  Glial Reconstitution  
  86  8:45  Roach  
  86  8:46  Roach x2  
  92  8:56  Drone x2  
  92  8:57  Drone  
  92  8:58  Drone x2  
  97  9:10  Overlord x3  
  97  9:13  Overlord x3  
  97  9:30  Overseer  
  97  9:36  Zerg Missile Weapons Level 1  
  97  9:42  Roach x3  
  97  9:43  Evolution Chamber  
  102  9:50  Spire  
  102  9:51  Roach x3  
  107  10:00  Roach x3  
  107  10:01  Roach x2  
  107  10:03  Roach  
  123  10:07  Roach x6  
  131  10:14  Nydus Canal  
  131  10:23  Queen  
  102  11:20  Roach x3  
  102  11:23  Zerg Ground Armor Level 1  
  108  11:26  Roach x5  
  118  11:39  Roach x5  
  128  11:41  Tunneling Claws  
  128  11:42  Zerg Missile Weapons Level 2  
  128  11:44  Roach x2  
  132  11:47  Queen  
  132  11:49  Queen, Hatchery  
  135  12:02  Nydus Canal  
  79  12:59  Roach x2  
  79  13:00  Roach x3  
  79  13:01  Roach  
  79  13:02  Roach x5  
  93  13:15  Queen  
  93  13:16  Drone x2  
  93  13:23  Roach x2  
  93  13:24  Roach  
  97  13:40  Roach  
  97  13:41  Roach x3  
  103  13:45  Ravager x6  
  103  13:46  Ravager x4  
  53  14:57  Ravager x4  
  57  15:00  Roach x3  
  46  15:24  Ravager x2  
  46  15:25  Ravager  
  46  15:26  Roach  
  46  15:27  Roach  
  39  16:00  Roach x6  
  39  16:02  Zerg Ground Armor Level 2  
  51  16:06  Ravager x2  
  44  17:16  Roach x4  
  44  17:17  Roach x2  
  44  17:18  Ravager  
  44  17:19  Ravager x5  
  62  17:43  Ravager  
  62  17:44  Ravager x5  
  67  17:50  Hatchery  
  49  19:09  Overseer  
  49  19:13  Extractor  
  48  19:19  Extractor  
Show
View Real Time Build Order
Export as new Build Order

Faust Zerg 

Build Orders: Hatch First 

Get SALT Encoding   

  12  0:01  Drone  
  13  0:09  Drone  
  14  0:15  Extractor  
  14  0:16  Drone  
  15  0:23  Overlord  
  15  0:42  Drone  
  16  0:43  Drone  
  17  0:54  Hatchery  
  16  0:57  Drone  
  16  1:01  Extractor  
  16  1:02  Drone  
  17  1:16  Spawning Pool  
  16  1:19  Drone  
  16  1:24  Drone  
  18  1:30  Drone  
  19  1:38  Overlord  
  19  2:01  Drone x2  
  21  2:03  Queen  
  21  2:05  Metabolic Boost  
  23  2:08  Queen  
  23  2:15  Drone  
  26  2:25  Baneling Nest  
  26  2:27  Zergling x2  
  26  2:28  Zergling x2  
  26  2:29  Zergling x2  
  28  2:35  Zergling x2  
  29  2:53  Drone x5  
  34  3:05  Overlord  
  34  3:14  Drone  
  35  3:20  Lair  
  35  3:21  Drone  
  35  3:23  Overlord x2  
  35  3:25  Drone x3  
  39  3:31  Baneling  
  39  3:41  Zergling x8  
  42  3:50  Zergling x8  
  42  3:53  Drone x3  
  46  4:10  Drone  
  46  4:11  Drone x3  
  50  4:27  Baneling x4  
  50  4:30  Extractor  
  49  4:34  Drone  
  49  4:35  Drone x4  
  49  4:36  Drone  
  49  4:37  Overlord x2  
  55  4:39  Hatchery, Drone  
  55  4:40  Extractor  
  49  5:03  Extractor  
  49  5:05  Drone x3  
  50  5:23  Drone x3  
  52  5:29  Overseer  
  52  5:39  Evolution Chamber  
  52  5:42  Evolution Chamber  
  50  5:51  Drone x3  
  50  5:52  Evolution Chamber  
  50  5:53  Evolution Chamber  
  50  5:54  Drone x10  
  61  6:13  Overlord  
  61  6:17  Zergling x4  
  61  6:18  Zergling x6  
  64  6:25  Zergling x12  
  60  6:49  Drone  
  60  6:50  Drone x10  
  71  6:54  Spine Crawler  
  71  6:57  Spine Crawler  
  71  6:59  Drone  
  71  7:00  Drone x2  
  67  7:28  Zerg Melee Weapons Level 1, Zerg Ground Armor Level 1  
  66  7:33  Spire  
  64  7:38  Zerg Missile Weapons Level 1  
  64  7:42  Infestation Pit  
  64  7:43  Drone  
  64  7:45  Extractor, Drone  
  64  7:46  Extractor, Drone x5  
  64  7:47  Zergling x2  
  64  7:48  Zergling x12  
  64  7:49  Baneling  
  64  7:50  Baneling x2  
  75  7:54  Overlord  
  75  7:59  Queen  
  75  8:01  Overlord x4  
  76  8:16  Baneling x2  
  76  8:17  Baneling x4  
  76  8:19  Baneling x4  
  74  8:20  Baneling x2  
  73  8:40  Drone  
  73  8:41  Drone  
  74  8:45  Mutalisk x12  
  74  8:46  Mutalisk x2  
  102  8:50  Hatchery  
  102  8:52  Hive  
  101  8:55  Zerg Flyer Weapons Level 1  
  101  8:57  Drone x2  
  103  9:07  Overlord x3  
  103  9:21  Drone  
  103  9:22  Drone x8  
  103  9:24  Extractor  
  111  9:26  Drone x2  
  111  9:30  Zerg Melee Weapons Level 2  
  111  9:31  Zerg Ground Armor Level 2  
  113  9:37  Zerg Missile Weapons Level 2  
  109  10:10  Mutalisk x2  
  109  10:11  Mutalisk x4  
  109  10:13  Drone x3  
  124  10:16  Extractor  
  121  10:53  Zerg Flyer Weapons Level 2  
  121  10:56  Adrenal Glands  
  121  11:01  Centrifical Hooks  
  121  11:02  Spire  
  118  11:28  Zergling x2  
  118  11:29  Zergling x48  
  118  11:30  Zergling x2  
  142  11:35  Zergling x2  
  125  12:14  Zergling x2  
  103  12:20  Mutalisk x9  
  94  12:31  Ultralisk Cavern  
  94  12:32  Greater Spire  
  92  12:38  Baneling x2  
  92  12:41  Drone x3  
  77  12:59  Extractor, Hatchery  
  77  13:00  Extractor, Mutalisk x3  
  73  13:19  Chitinous Plating  
  72  13:23  Ultralisk  
  72  13:25  Zergling x2  
  72  13:26  Zergling x16  
  76  13:33  Queen  
  74  13:35  Drone x3  
  75  13:47  Baneling x5  
  75  13:48  Baneling x6  
  69  13:49  Baneling  
  69  13:50  Ultralisk x2  
  69  13:53  Baneling x5  
  51  14:26  Ultralisk  
  51  14:27  Ultralisk x2  
  51  14:29  Zergling x2  
  68  14:38  Anabolic Synthesis  
  68  14:44  Zerg Melee Weapons Level 3  
  55  14:59  Corruptor x2  
  52  15:08  Corruptor x3  
  56  15:22  Corruptor  
  56  15:25  Corruptor x4  
  56  15:26  Corruptor x2  
  70  15:33  Drone  
  70  15:34  Drone x2  
  73  15:39  Brood Lord x2  
  73  15:40  Brood Lord  
  73  15:42  Zerg Flyer Weapons Level 3  
  79  15:58  Brood Lord x3  
  82  16:19  Burrow, Overseer x2  
  79  16:53  Brood Lord  
  79  16:54  Brood Lord  
  77  17:09  Overlord x3  
  57  17:34  Overseer  
  57  17:35  Overseer x2  
  57  17:50  Brood Lord  
  57  17:51  Brood Lord  
  49  18:16  Zergling x2  
  49  18:17  Zergling x4  
  46  18:20  Zergling x10  
  46  18:21  Zergling x28  
  63  18:31  Drone  
Show
View Real Time Build Order
Export as new Build Order

Gnomifer Protoss - Winner!

Build Orders:  

Get SALT Encoding   

  12  0:03  Probe  
  13  0:11  Probe  
  14  0:22  Pylon  
  14  0:26  Probe  
  15  0:40  Probe  
  15  0:41  Gateway  
  16  0:49  Assimilator  
  17  1:02  Gateway  
  16  1:09  Pylon  
  16  1:15  Probe  
  16  1:23  Probe  
  18  1:33  Probe  
  18  1:36  Cybernetics Core  
  19  1:45  Probe  
  20  1:51  Zealot x2  
  24  1:57  Probe  
  25  2:09  Probe  
  25  2:13  Warp Gate  
  26  2:22  Twilight Council  
  26  2:28  Assimilator  
  26  2:35  Zealot x2  
  30  2:46  Gateway  
  30  2:51  Probe  
  31  3:05  Pylon  
  31  3:10  Pylon  
  31  3:19  Probe  
  31  3:23  Zealot x2  
  36  3:30  Charge  
  38  3:34  Zealot  
  38  3:37  Forge  
  38  3:52  Zealot x2  
  42  4:01  Zealot  
  44  4:19  Zealot  
  46  4:33  Nexus  
  46  4:38  Pylon  
  46  4:44  Pylon  
  46  4:52  Protoss Ground Weapons Level 1  
  46  4:56  Zealot  
  46  4:58  Zealot x2  
  52  5:19  Zealot  
  54  5:21  Templar Archives  
  54  5:48  Shield Battery  
  54  5:50  Shield Battery  
  54  5:52  Psionic Storm, Photon Cannon  
  54  5:56  Photon Cannon  
  54  6:05  Probe  
  54  6:08  Probe  
  56  6:22  Photon Cannon  
  56  6:29  Stalker  
  35  7:06  Probe x2  
  37  7:18  Probe x2  
  38  7:30  Probe  
  38  7:31  Probe  
  40  7:43  Probe x2  
  42  7:55  Probe x2  
  44  8:07  Probe x2  
  46  8:19  Probe  
  15  8:41  Probe  
  15  8:42  Probe  
  17  8:51  Probe  
  17  8:52  Probe  
  19  8:59  Probe  
  19  9:00  Probe  
  19  9:01  Pylon  
  19  9:08  Probe x2  
  19  9:09  High Templar x2  
  25  9:10  High Templar  
  29  9:20  Probe x2  
  31  9:32  Archon, Probe x2  
  31  9:34  Photon Cannon  
  31  9:37  Photon Cannon  
  15  10:02  Probe x2  
  14  10:14  Probe x2  
  15  10:23  Probe x2  
  17  10:31  Probe  
  17  10:32  Probe  
  18  10:40  Probe x2  
  21  10:52  Probe x2  
  23  11:04  Probe  
  23  11:05  Probe  
  25  11:17  Assimilator  
  25  11:21  Assimilator  
  25  11:37  Probe  
  26  11:43  Dark Shrine  
  26  11:47  Probe  
  27  11:55  Probe  
  28  12:04  Probe  
  29  12:16  Probe  
  29  12:19  Pylon  
  30  12:25  Gateway x2  
  30  12:28  Gateway, Probe  
  30  12:29  Gateway  
  31  12:31  Gateway  
  31  12:33  Pylon  
  31  12:48  Probe  
  31  12:49  Probe  
  33  13:01  Probe  
  34  13:09  High Templar x2  
  38  13:26  Zealot x4  
  38  13:27  Zealot  
  48  13:30  Archon  
  48  13:34  Protoss Ground Weapons Level 2  
  48  13:39  Probe x2  
  50  13:49  High Templar x5  
  50  13:51  Probe x2  
  50  13:52  Zealot  
  50  13:53  Zealot  
  50  13:55  Archon x2  
  66  14:03  Probe x2  
  68  14:15  Probe x2  
  70  14:28  Nexus  
  70  14:34  Pylon  
  70  14:36  Pylon  
  70  14:37  Pylon  
  70  14:55  High Templar x4  
  70  14:58  Zealot x3  
  84  15:00  Archon  
  84  15:01  Archon  
  74  15:24  Pylon  
  74  15:30  Gateway  
  74  15:31  Gateway x2  
  74  15:34  Gateway  
  74  15:41  Pylon  
  74  15:43  Pylon  
  74  15:45  Pylon  
  74  15:48  Pylon  
  60  15:58  High Templar x4  
  60  15:59  High Templar  
  70  16:15  Archon x2  
  70  16:21  Probe x2  
  72  16:27  Probe  
  72  16:29  Assimilator  
  69  16:33  Assimilator, Probe x2  
  70  16:40  Probe  
  70  16:44  High Templar x3  
  70  16:45  Probe x2  
  74  16:47  Zealot x4  
  74  16:48  Zealot x4  
  74  16:52  Probe  
  91  17:10  Archon  
  91  17:11  Archon  
  83  17:33  High Templar x3  
  83  17:34  High Templar  
  91  17:38  Zealot x6  
  91  17:39  Zealot  
  86  17:59  Archon x2  
  55  18:27  Probe x3  
  55  18:28  Cybernetics Core  
  57  18:37  Nexus  
  57  18:39  Probe x2  
  59  18:42  High Templar x4  
  59  18:43  High Templar x2  
  59  18:45  Zealot x5  
  81  18:49  Archon x2  
  81  18:50  Archon  
  81  18:59  Pylon  
  81  19:01  Pylon  
  77  19:05  Pylon  
  77  19:12  Pylon  
  77  19:13  Pylon  
  77  19:14  Pylon  
  77  19:17  Pylon  
  77  19:21  High Templar x4  
  85  19:25  Zealot  
  85  19:26  Zealot x6  
Show
View Real Time Build Order
Export as new Build Order

InfestDylan Zerg - Winner!

Build Orders: Hatch First, Lurkers 

Get SALT Encoding   

  12  0:05  Drone  
  13  0:13  Overlord  
  13  0:19  Drone  
  14  0:32  Drone x2  
  16  0:39  Drone  
  17  1:01  Hatchery  
  16  1:05  Drone x2  
  18  1:16  Drone  
  19  1:19  Extractor  
  19  1:20  Spawning Pool  
  17  1:27  Drone  
  17  1:32  Drone  
  19  1:43  Drone  
  20  1:59  Drone  
  21  2:12  Queen, Hatchery, Overlord  
  22  2:16  Queen  
  24  2:23  Metabolic Boost  
  24  2:26  Drone  
  24  2:29  Drone  
  26  2:33  Drone  
  27  2:38  Drone  
  27  2:40  Drone  
  29  2:45  Drone  
  29  2:57  Baneling Nest  
  28  3:01  Drone x2  
  28  3:02  Drone x2  
  32  3:07  Zergling x2  
  33  3:13  Zergling x2  
  33  3:17  Zergling x2  
  35  3:25  Lair  
  35  3:26  Zergling x6  
  35  3:27  Zergling x4  
  39  3:30  Zergling x2  
  39  3:32  Zergling x2  
  41  3:42  Baneling  
  41  3:43  Baneling  
  41  3:44  Zergling x2  
  41  3:50  Zergling x2  
  41  3:51  Zergling x4  
  42  3:57  Overlord x2  
  42  4:05  Drone  
  42  4:14  Overlord x2  
  42  4:15  Queen  
  42  4:16  Spine Crawler  
  43  4:18  Drone  
  43  4:20  Drone  
  43  4:25  Baneling x2, Spine Crawler  
  43  4:27  Drone x2  
  43  4:30  Drone  
  45  4:32  Drone  
  45  4:33  Drone  
  45  4:35  Drone  
  48  4:38  Drone  
  48  4:40  Drone  
  48  4:42  Drone  
  48  4:45  Drone  
  52  4:47  Drone  
  52  4:52  Zergling x2, Drone x2  
  55  4:58  Roach Warren  
  55  4:59  Drone  
  55  5:01  Drone  
  55  5:04  Drone  
  55  5:05  Drone  
  58  5:07  Drone  
  58  5:09  Drone x2  
  58  5:11  Drone  
  58  5:13  Drone  
  63  5:14  Drone  
  63  5:15  Drone  
  63  5:17  Drone  
  66  5:29  Overlord x2  
  66  5:35  Spore Crawler  
  65  5:38  Spore Crawler  
  64  5:44  Centrifical Hooks  
  64  5:45  Spore Crawler  
  64  5:46  Roach x4  
  64  5:47  Drone x2  
  74  5:50  Drone x7  
  74  5:52  Extractor  
  74  5:54  Extractor, Roach x2  
  74  5:55  Drone  
  83  6:00  Drone  
  83  6:02  Overlord  
  83  6:04  Overlord  
  84  6:08  Drone x2  
  86  6:17  Drone x3  
  89  6:23  Drone x7  
  89  6:25  Overlord  
  90  6:37  Roach x6  
  101  6:40  Roach  
  101  6:42  Extractor  
  101  6:44  Extractor  
  101  6:47  Roach x2  
  101  6:48  Roach  
  101  6:52  Glial Reconstitution  
  107  6:54  Evolution Chamber  
  107  6:56  Roach  
  107  6:57  Evolution Chamber  
  107  6:58  Roach  
  107  6:59  Drone  
  110  7:02  Extractor, Hatchery  
  110  7:03  Drone  
  110  7:04  Extractor  
  108  7:09  Roach  
  108  7:10  Drone  
  108  7:11  Drone  
  108  7:14  Drone x2  
  114  7:15  Overlord  
  114  7:23  Overlord  
  114  7:24  Overlord x4  
  114  7:38  Drone x2  
  114  7:39  Drone  
  114  7:40  Spore Crawler, Drone  
  114  7:41  Spore Crawler  
  114  7:43  Spine Crawler  
  115  7:45  Zerg Missile Weapons Level 1, Hydralisk Den  
  115  7:46  Zerg Ground Armor Level 1  
  115  7:47  Drone x3  
  115  7:48  Drone  
  115  7:49  Extractor, Drone x3  
  120  7:53  Drone  
  120  7:54  Drone x2  
  123  8:04  Drone x3  
  126  8:15  Queen  
  128  8:26  Lurker Den  
  127  8:31  Infestation Pit, Hydralisk  
  127  8:32  Hydralisk x9  
  146  8:35  Zergling x4  
  146  8:37  Spine Crawler  
  147  8:45  Overseer x3  
  147  8:49  Pneumatized Carapace  
  147  8:52  Muscular Augments  
  147  9:00  Baneling x4  
  147  9:05  Roach x3  
  153  9:22  Drone  
  153  9:23  Drone x5  
  159  9:28  Spine Crawler  
  158  9:32  Spine Crawler  
  157  9:40  Hive  
  157  9:46  Hydralisk x4  
  157  9:47  Hydralisk  
  167  9:52  Spore Crawler  
  167  9:56  Spore Crawler  
  167  9:57  Spore Crawler  
  167  9:59  Spore Crawler x2  
  162  10:00  Spore Crawler x2, Hydralisk x4  
  162  10:02  Spore Crawler  
  162  10:04  Grooved Spines  
  167  10:10  Spore Crawler x2  
  167  10:12  Hydralisk  
  167  10:13  Overlord  
  167  10:14  Overlord x3  
  167  10:25  Overlord x2  
  167  10:26  Overlord x2  
  167  10:41  Lurker x2  
  167  10:42  Lurker x8  
  178  10:43  Lurker x2  
  178  10:48  Hydralisk x10  
  199  10:56  Hydralisk x6  
  190  10:59  Hydralisk  
  188  11:11  Hydralisk  
  188  11:12  Hydralisk x4  
  188  11:14  Adaptive Talons  
  194  11:22  Hydralisk x2  
  194  11:32  Hydralisk x2  
  198  11:40  Queen  
  198  11:41  Overlord x3  
  200  11:49  Overlord x2  
  200  11:51  Overlord  
  200  12:00  Lurker x3  
  190  12:14  Hydralisk x8  
  190  12:15  Hydralisk x7  
  184  12:31  Hydralisk x3  
  184  12:37  Hydralisk x7  
  173  12:40  Hydralisk  
  173  12:41  Hydralisk  
  185  12:45  Hydralisk  
  181  12:58  Hydralisk x4  
  175  13:00  Hydralisk x2  
  174  13:26  Hydralisk x3  
  174  13:27  Hydralisk x4  
  176  13:31  Hydralisk x3  
  176  13:32  Hydralisk x3  
  198  13:46  Hydralisk  
  194  14:05  Viper x2  
  143  15:46  Hydralisk x12  
  143  15:49  Zerg Ground Armor Level 2, Zerg Missile Weapons Level 2  
  167  16:01  Hydralisk x4  
  175  16:20  Hydralisk x8  
  189  16:35  Viper  
  189  16:36  Viper x3  
  194  16:49  Viper x2  
  170  17:16  Extractor  
  170  17:17  Hatchery  
  170  17:20  Extractor  
  135  17:33  Hydralisk x7  
  135  17:34  Hydralisk x11  
  171  17:57  Hydralisk x6  
  171  17:58  Hydralisk x3  
  187  18:09  Hydralisk x6  
  195  18:18  Hydralisk  
  195  18:19  Hydralisk  
  178  19:00  Lurker x5  
  183  19:03  Lurker x3  
  183  19:04  Lurker  
  183  19:07  Roach x6  
Tags
 
Add a new tag
Caveats
  • Supply blocks, unpowered buildings, or Contaminate may cause inaccurate times.
  • Supply counts are checked every 10 seconds.